 Dungeon Crawl Stone Soup version 0.27.1-1-g398f81649c (webtiles) character file.

Game seed: 7983398103621765178

68 MisterFreud the Shield-Bearer (level 4, -7/38 (41) HPs)
             Began as a Gnoll Fighter on Sept 10, 2021.
             Mangled by Crazy Yiuf (8 damage)
             ... on level 2 of the Dungeon.
             The game lasted 00:01:27 (1592 turns).

MisterFreud the Shield-Bearer (Gnoll Fighter)       Turns: 1592, Time: 00:01:27

HP:   -7/38 (41)    AC: 10    Str: 15    XL:     4   Next: 19%
MP:   5/5           EV:  8    Int:  9    God:
Gold: 99            SH: 10    Dex: 11    Spells: 5/5 levels left

rFire    . . .     SeeInvis .   a - +0 rapier
rCold    . . .     Faith    .   c - +0 kite shield
rNeg     . . .     Spirit   .   b - +0 scale mail
rPois    .         Reflect  .   j - +0 helmet
rElec    .         Harm     .   (no cloak)
rCorr    .         Rampage  .   o - +0 pair of gloves
Will     .....                  (no boots)
Stlth    ..........             (no amulet)
HPRegen  0.12/turn              (no ring)
MPRegen  0.09/turn              (no ring)

@: drained
A: fangs 1, strong nose, distributed training
a: no special abilities


You were on level 2 of the Dungeon.
You visited 1 branch of the dungeon, and saw 2 of its levels.

You collected 99 gold pieces.

Inventory:

Hand Weapons
 a - a +0 rapier (weapon)
Missiles
 i - 5 boomerangs (quivered)
Armour
 b - a +0 scale mail (worn)
 c - a +0 kite shield (worn)
 j - a +0 helmet (worn)
 o - a +0 pair of gloves (worn)
Scrolls
 e - 2 scrolls of teleportation {unknown}
 h - a scroll of vulnerability {unknown}
 k - a scroll of noise {unknown}
 n - a scroll of identify {unknown}
Potions
 d - a potion of might
 f - a potion of lignification {unknown}
 g - a potion of flight {unknown}
 l - 2 potions of cancellation {unknown}
 m - a potion of degeneration {unknown}


   Skills:
 + Level 6.6 Fighting
 + Level 4.6 Short Blades
 + Level 1.0 Long Blades
 + Level 1.0 Axes
 + Level 1.0 Maces & Flails
 + Level 1.0 Polearms
 + Level 1.0 Staves
 + Level 1.0 Slings
 + Level 1.0 Bows
 + Level 1.0 Crossbows
 + Level 1.0 Throwing
 + Level 6.6 Armour
 + Level 1.0 Dodging
 + Level 1.0 Stealth
 + Level 6.6 Shields
 + Level 1.0 Unarmed Combat
 + Level 1.0 Spellcasting
 + Level 0.8 Conjurations
 + Level 0.8 Hexes
 + Level 0.8 Summonings
 + Level 0.8 Necromancy
 + Level 0.8 Translocations
 + Level 0.8 Transmutations
 + Level 0.8 Fire Magic
 + Level 0.8 Ice Magic
 + Level 0.8 Air Magic
 + Level 0.8 Earth Magic
 + Level 0.8 Poison Magic
 + Level 1.1 Invocations
 + Level 1.0 Evocations


You had 5 spell levels left.
You didn't know any spells.
Your spell library contained the following spells:

 Spells                   Type           Power      Damage    Failure   Level
 Summon Guardian Golem    Hex/Summ       1%         N/A       100%        3
 Orb of Destruction       Conj           0%         N/A       100%        7
 Spellforged Servitor     Conj/Summ      0%         N/A       100%        7


Dungeon Overview and Level Annotations

Branches:
Dungeon (2/15)

Altars:

Annotations:
D:2 Crazy Yiuf


Innate Abilities, Weirdness & Mutations

You have very sharp teeth.
Your uncanny sense of smell can sniff out nearby items.
Your experience applies equally to all skills.


Message History

You see here a +1 mace of protection.
Things that are here:
a +0 dagger; a +0 club
Things that are here:
a +0 dagger; a +0 animal skin
Items here: )))).
Things that are here:
a +0 dagger; a +0 animal skin
Things that are here:
a +0 dagger; a +0 club You see here a +1 mace of protection.
You open the door. You closely miss Crazy Yiuf.
Crazy Yiuf says, "Crazy?
Crazy!?
PORCUPINE!"
You block Crazy Yiuf's attack.
You closely miss Crazy Yiuf.
Crazy Yiuf hits you with a +3 quarterstaff of chaos.
You feel drained.
You barely miss Crazy Yiuf. You block Crazy Yiuf's attack.
You hit Crazy Yiuf.
Crazy Yiuf is lightly wounded.
Crazy Yiuf hits you with a +3 quarterstaff of chaos!
Crazy Yiuf freezes you.
You hit Crazy Yiuf.
Crazy Yiuf is moderately wounded.
You block Crazy Yiuf's attack.
You hit Crazy Yiuf.
Crazy Yiuf is moderately wounded.
Crazy Yiuf hits you with a +3 quarterstaff of chaos!
Crazy Yiuf freezes you. Crazy Yiuf barely misses you.
You hit Crazy Yiuf but do no damage.
Crazy Yiuf is moderately wounded.
Crazy Yiuf hits you with a +3 quarterstaff of chaos!
* * * LOW HITPOINT WARNING * * *
You feel drained.
* * * LOW HITPOINT WARNING * * *
You hit Crazy Yiuf but do no damage.
Crazy Yiuf is moderately wounded.
Crazy Yiuf hits you with a +3 quarterstaff of chaos!
You die...

######.##.##.#### #.###..#.####
.......##.#.#.#####.#...###...#
####........##.......).## ##..#
#.##.################ ##.#.#
#.....# ##.##.# #..#.##
#######.###)# #..#..# ###
###.#...#..##)# #.....#
#...##.)#.P.....##)### ##.##.#
#.).g@####.P....##..). .##.#
#)..### ##..#.####### .##.# ###
####.# #.# #.# # #.# #.#######
#.##.################.......#
#.....................#####.#
######.##.....########.##
#......##.....# #.#


You could see Crazy Yiuf.

Vanquished Creatures
  Robin (D:2)
  2 adders (D:2)
  6 endoplasms
  A giant cockroach (D:2)
  10 goblins
  3 hobgoblins
  3 kobolds
  A quokka (D:2)
  2 ball pythons (D:1)
  3 bats
  A frilled lizard (D:2)
  3 rats
36 creatures vanquished.

Vanquished Creatures (others)
  2 fungi (D:2)
2 creatures vanquished.

Grand Total: 38 creatures vanquished

Notes
Turn   | Place    | Note
-------+----------+-------------------------------------------
     0 | D:1      | MisterFreud the Gnoll Fighter began the quest for the Orb.
     0 | D:1      | Reached XP level 1. HP: 23/23 MP: 1/1
   274 | D:1      | Reached XP level 2. HP: 23/29 MP: 2/2
   968 | D:2      | Noticed Robin
   974 | D:2      | Reached XP level 3. HP: 35/35 MP: 3/3
   999 | D:2      | Killed Robin
  1000 | D:2      | Reached skill level 1 in Invocations
  1357 | D:2      | Reached skill level 1 in Long Blades
  1357 | D:2      | Reached skill level 1 in Axes
  1357 | D:2      | Reached skill level 1 in Maces & Flails
  1357 | D:2      | Reached skill level 1 in Polearms
  1357 | D:2      | Reached skill level 1 in Staves
  1357 | D:2      | Reached skill level 1 in Slings
  1357 | D:2      | Reached skill level 1 in Bows
  1357 | D:2      | Reached skill level 1 in Crossbows
  1357 | D:2      | Reached skill level 1 in Throwing
  1357 | D:2      | Reached skill level 1 in Dodging
  1357 | D:2      | Reached skill level 1 in Stealth
  1357 | D:2      | Reached skill level 1 in Unarmed Combat
  1357 | D:2      | Reached skill level 1 in Spellcasting
  1357 | D:2      | Reached skill level 1 in Evocations
  1434 | D:2      | Reached XP level 4. HP: 37/41 MP: 5/5
  1544 | D:2      | Found a runed translucent door.
  1545 | D:2      | Noticed Crazy Yiuf
  1591 | D:2      | HP: 1/38 [Crazy Yiuf (4)]
  1592 | D:2      | Mangled by Crazy Yiuf

Illustrated notes

Levels and vault maps discovered:
D:1:      minmay_arrival_hallway, layout_basic, serial_corexii_hall,
          chequers_hall_statues_corner_a, chequers_hall_statues_wall_a,
          chequers_hall_statues_corner_a, corexii_hall_statues_l,
          corexii_hall_statues_x, corexii_hall_statues_deadend
D:2:      layout_loops_ring, uniq_robin, uniq_crazy_yiuf_cottage

Skill      XL: |  1  2  3 |
---------------+----------+-----
Invocations    | 1 |  1.1
Long Blades    | 1 |  1.0
Axes           | 1 |  1.0
Maces & Flails | 1 |  1.0
Polearms       | 1 |  1.0
Staves         | 1 |  1.0
Slings         | 1 |  1.0
Bows           | 1 |  1.0
Crossbows      | 1 |  1.0
Throwing       | 1 |  1.0
Dodging        | 1 |  1.0
Stealth        | 1 |  1.0
Unarmed Combat | 1 |  1.0
Spellcasting   | 1 |  1.0
Evocations     | 1 |  1.0
Fighting       | |  6.6
Short Blades   | |  4.6
Armour         | |  6.6
Shields        | |  6.6
Conjurations   | |  0.8
Hexes          | |  0.8
Summonings     | |  0.8
Necromancy     | |  0.8
Translocations | |  0.8
Transmutations | |  0.8
Fire Magic     | |  0.8
Ice Magic      | |  0.8
Air Magic      | |  0.8
Earth Magic    | |  0.8
Poison Magic   | |  0.8

Action                   |  1- 3 |  4- 6 || total
-------------------------+-------+-------++-------
Melee: Rapier            |    95 |    13 ||   108
       Bite              |     9 |     1 ||    10
Armor: Scale mail        |    29 |     2 ||    31
Dodge: Dodged            |    25 |     1 ||    26
Block: Kite shield       |    37 |     3 ||    40
